[ AOE2 MATCH · #495886608 ]
UnrankedPortuguese vs Vietnamese
Player's team · WIN
[ REPLAY ANALYSIS · EXTRACTED FROM THE RECORDED GAME ]
Feudal
9:11
Castle
23:28
Imperial
—
| APM avg | 47.1 |
| APM peak | 93 |
| eAPM avg | 24.0 |
| Villagers / military | 97 / 75 |
Focus
⚔️ 46.1% · 🌾 53.9%
Archer ×52 · Knight ×9 · Skirmisher ×7 · Mangonel ×4 · Militia ×3
Feudal
9:23
Castle
23:28
Imperial
—
| APM avg | 59.7 |
| APM peak | 78 |
| eAPM avg | 25.3 |
| Villagers / military | 89 / 67 |
Focus
⚔️ 31.5% · 🌾 68.5%
Archer ×60 · Mangonel ×2 · Scorpion ×2 · Battering Ram ×2 · Spearman ×1
Match map
Initial resources + every placement click. Lines = walls · curves = elevation contours. ◆ gold · ⬟ stone · ● berries · ✦ relic · ◌ wall gap
Your base· ✓ Closed at 23:28 · 52t walls · 1 gate(s)
lanceritoestepario2012's base· Open — opponent sealed themselves in
Smoothed initial terrain · ◌ = detected wall gap · hover for details
Inputs per minute
— ImperialSheep - - lanceritoestepario2012
Build order — ImperialSheep
First 150 of 283 actions detected
| 0:01 | Create | Villager (Male) |
| 0:01 | Create | Villager (Male) |
| 0:02 | Build | House |
| 0:04 | Build | House |
| 0:15 | Create | Villager (Male) |
| 0:23 | Create | Villager (Male) |
| 1:29 | Create | Villager (Male) |
| 1:48 | Build | Lumber Camp |
| 1:51 | Create | Villager (Male) |
| 1:51 | Create | Villager (Male) |
| 2:14 | Create | Villager (Male) |
| 2:15 | Create | Villager (Male) |
| 2:33 | Create | Villager (Male) |
| 2:33 | Create | Villager (Male) |
| 2:53 | Create | Villager (Male) |
| 2:54 | Create | Villager (Male) |
| 3:46 | Create | Villager (Male) |
| 3:47 | Create | Villager (Male) |
| 4:11 | Create | Villager (Male) |
| 4:14 | Build | House |
| 4:24 | Create | Villager (Male) |
| 4:30 | Create | Villager (Male) |
| 4:30 | Create | Villager (Male) |
| 4:43 | Build | Mill |
| 5:21 | Create | Villager (Male) |
| 5:45 | Build | House |
| 5:47 | Build | Palisade Wall |
| 5:49 | Build | Palisade Wall |
| 6:02 | Create | Villager (Male) |
| 6:03 | Research | Loom |
| 6:10 | Build | Palisade Wall |
| 6:11 | Build | Palisade Wall |
| 6:13 | Build | Palisade Wall |
| 6:15 | Create | Villager (Male) |
| 7:00 | Research | Feudal Age |
| 7:01 | Research | Feudal Age |
| 7:04 | Build | Barracks |
| 8:00 | Build | Mining Camp |
| 8:06 | Create | Militia |
| 8:07 | Create | Militia |
| 8:07 | Create | Militia |
| 8:23 | Build | House |
| 8:44 | Create | Villager (Male) |
| 9:11 | Build | Mill |
| 9:11 | Age | Feudal Age |
| 9:19 | Research | Man-at-Arms (upgrade) |
| 9:26 | Create | Villager (Male) |
| 9:39 | Create | Villager (Male) |
| 9:50 | Create | Villager (Male) |
| 9:55 | Build | House |
| 10:07 | Build | Archery Range |
| 10:32 | Create | Villager (Male) |
| 10:37 | Create | Villager (Male) |
| 10:56 | Build | Palisade Wall |
| 11:01 | Create | Villager (Male) |
| 11:04 | Build | House |
| 11:14 | Build | House |
| 11:17 | Build | Palisade Wall |
| 11:26 | Build | Palisade Wall |
| 11:32 | Build | Palisade Wall |
| 11:35 | Create | Villager (Male) |
| 11:42 | Build | Palisade Gate |
| 11:44 | Build | Palisade Wall |
| 11:46 | Build | Farm |
| 11:54 | Create | Villager (Male) |
| 11:56 | Create | Archer |
| 11:57 | Create | Archer |
| 12:07 | Build | Palisade Wall |
| 12:25 | Build | House |
| 12:29 | Research | Double-Bit Axe |
| 12:41 | Create | Archer |
| 12:53 | Create | Villager (Male) |
| 13:03 | Build | Blacksmith |
| 13:07 | Build | Palisade Wall |
| 13:08 | Create | Archer |
| 13:09 | Create | Archer |
| 13:09 | Create | Villager (Male) |
| 13:22 | Build | Farm |
| 13:23 | Create | Archer |
| 13:37 | Research | Horse Collar |
| 13:40 | Create | Villager (Male) |
| 13:47 | Build | House |
| 13:58 | Create | Archer |
| 14:07 | Create | Villager (Male) |
| 14:09 | Create | Villager (Male) |
| 14:11 | Build | Farm |
| 14:12 | Create | Archer |
| 14:20 | Build | Farm |
| 14:37 | Create | Villager (Male) |
| 14:41 | Build | Farm |
| 14:44 | Create | Villager (Male) |
| 14:45 | Create | Archer |
| 14:56 | Create | Villager (Male) |
| 14:57 | Create | Archer |
| 14:59 | Build | House |
| 15:06 | Build | Lumber Camp |
| 15:18 | Create | Villager (Male) |
| 15:28 | Create | Villager (Male) |
| 15:31 | Build | Farm |
| 15:36 | Create | Villager (Male) |
| 15:43 | Create | Archer |
| 15:46 | Research | Fletching |
| 15:48 | Create | Villager (Male) |
| 15:59 | Create | Villager (Male) |
| 16:02 | Build | Farm |
| 16:02 | Create | Archer |
| 16:26 | Create | Villager (Male) |
| 16:28 | Build | Farm |
| 16:31 | Build | Farm |
| 16:32 | Create | Villager (Male) |
| 16:39 | Create | Villager (Male) |
| 16:51 | Create | Villager (Male) |
| 16:54 | Create | Archer |
| 17:13 | Create | Skirmisher |
| 17:14 | Create | Skirmisher |
| 17:26 | Create | Skirmisher |
| 17:26 | Create | Skirmisher |
| 17:32 | Build | Market |
| 17:36 | Build | Farm |
| 17:36 | Build | Farm |
| 17:48 | Research | Wheelbarrow |
| 18:00 | Create | Skirmisher |
| 18:10 | Build | Farm |
| 18:14 | Build | Farm |
| 18:36 | Create | Villager (Male) |
| 18:38 | Create | Skirmisher |
| 19:08 | Create | Skirmisher |
| 19:15 | Create | Villager (Male) |
| 19:25 | Build | Farm |
| 19:50 | Build | Lumber Camp |
| 20:06 | Build | Archery Range |
| 20:12 | Build | Farm |
| 20:23 | Create | Villager (Male) |
| 20:30 | Research | Castle Age |
| 20:30 | Research | Castle Age |
| 20:31 | Create | Archer |
| 20:31 | Create | Archer |
| 20:37 | Build | Farm |
| 20:44 | Create | Archer |
| 20:44 | Create | Archer |
| 20:47 | Create | Villager (Male) |
| 20:50 | Build | House |
| 20:51 | Build | House |
| 20:52 | Build | House |
| 20:58 | Build | Farm |
| 20:58 | Build | Farm |
| 21:05 | Create | Villager (Male) |
| 21:07 | Build | Farm |
| 21:11 | Create | Archer |
| 21:11 | Create | Archer |
Build order — lanceritoestepario2012
First 150 of 243 actions detected
| 0:00 | Create | Villager (Male) |
| 0:02 | Build | House |
| 0:03 | Build | House |
| 0:23 | Create | Villager (Male) |
| 0:23 | Create | Villager (Male) |
| 0:33 | Create | Villager (Male) |
| 0:33 | Create | Villager (Male) |
| 1:22 | Create | Villager (Male) |
| 1:23 | Create | Villager (Male) |
| 1:53 | Create | Villager (Male) |
| 1:53 | Create | Villager (Male) |
| 2:10 | Build | Lumber Camp |
| 2:20 | Create | Villager (Male) |
| 2:51 | Create | Villager (Male) |
| 3:22 | Create | Villager (Male) |
| 3:23 | Create | Villager (Male) |
| 3:32 | Create | Villager (Male) |
| 3:45 | Create | Villager (Male) |
| 4:14 | Create | Villager (Male) |
| 4:25 | Build | House |
| 4:29 | Create | Villager (Male) |
| 4:32 | Research | Loom |
| 4:32 | Create | Villager (Male) |
| 4:48 | Build | Mill |
| 5:32 | Create | Villager (Male) |
| 5:32 | Create | Villager (Male) |
| 5:32 | Create | Villager (Male) |
| 5:48 | Create | Villager (Male) |
| 6:05 | Create | Villager (Male) |
| 7:13 | Research | Feudal Age |
| 7:34 | Build | House |
| 7:37 | Build | Barracks |
| 7:52 | Build | House |
| 7:53 | Build | Palisade Wall |
| 7:57 | Create | Villager (Male) |
| 8:04 | Build | Palisade Wall |
| 8:06 | Build | Palisade Wall |
| 8:16 | Create | Villager (Male) |
| 8:56 | Create | Villager (Male) |
| 9:03 | Build | House |
| 9:12 | Build | Mill |
| 9:23 | Age | Feudal Age |
| 10:03 | Create | Spearman |
| 10:06 | Build | House |
| 10:08 | Build | Palisade Wall |
| 10:12 | Build | House |
| 10:39 | Create | Villager (Male) |
| 10:39 | Create | Villager (Male) |
| 10:47 | Create | Villager (Male) |
| 10:58 | Research | Double-Bit Axe |
| 11:00 | Build | Archery Range |
| 11:06 | Create | Villager (Male) |
| 11:25 | Build | Palisade Wall |
| 11:26 | Build | Palisade Wall |
| 11:28 | Build | Palisade Wall |
| 11:29 | Build | Palisade Wall |
| 11:36 | Create | Archer |
| 11:39 | Build | Mining Camp |
| 11:54 | Create | Villager (Male) |
| 12:19 | Create | Villager (Male) |
| 12:32 | Build | Blacksmith |
| 12:35 | Build | Blacksmith |
| 12:42 | Create | Villager (Male) |
| 12:44 | Create | Archer |
| 12:49 | Build | Farm |
| 13:02 | Research | Horse Collar |
| 13:05 | Create | Villager (Male) |
| 13:08 | Build | Farm |
| 13:10 | Build | Farm |
| 13:22 | Create | Villager (Male) |
| 13:24 | Create | Archer |
| 13:25 | Create | Archer |
| 13:33 | Build | Farm |
| 13:50 | Build | Palisade Wall |
| 13:59 | Create | Villager (Male) |
| 14:01 | Create | Archer |
| 14:10 | Create | Villager (Male) |
| 14:20 | Create | Archer |
| 14:25 | Build | Farm |
| 14:25 | Build | Farm |
| 14:25 | Build | Farm |
| 14:25 | Build | Farm |
| 14:39 | Build | Farm |
| 14:39 | Create | Villager (Male) |
| 14:47 | Create | Villager (Male) |
| 15:03 | Build | Farm |
| 15:07 | Research | Fletching |
| 15:11 | Create | Archer |
| 15:22 | Build | House |
| 15:28 | Create | Villager (Male) |
| 15:31 | Create | Archer |
| 15:45 | Create | Villager (Male) |
| 15:50 | Build | House |
| 15:53 | Build | House |
| 15:56 | Build | House |
| 15:59 | Create | Villager (Male) |
| 16:00 | Create | Archer |
| 16:11 | Create | Villager (Male) |
| 16:13 | Create | Archer |
| 16:16 | Build | Farm |
| 16:23 | Build | Palisade Wall |
| 16:32 | Build | Palisade Wall |
| 16:36 | Create | Villager (Male) |
| 16:40 | Build | Farm |
| 17:03 | Create | Villager (Male) |
| 17:19 | Create | Archer |
| 17:22 | Create | Villager (Male) |
| 17:27 | Build | Market |
| 17:35 | Build | Farm |
| 17:36 | Build | Farm |
| 17:37 | Create | Villager (Male) |
| 17:44 | Create | Archer |
| 17:47 | Create | Archer |
| 17:48 | Create | Villager (Male) |
| 18:04 | Create | Villager (Male) |
| 18:08 | Build | House |
| 18:09 | Build | Palisade Wall |
| 18:13 | Create | Archer |
| 18:36 | Create | Villager (Male) |
| 19:00 | Build | Archery Range |
| 19:06 | Build | Lumber Camp |
| 19:14 | Build | Lumber Camp |
| 19:29 | Create | Villager (Male) |
| 20:11 | Create | Villager (Male) |
| 20:15 | Build | Farm |
| 20:16 | Create | Villager (Male) |
| 20:24 | Create | Villager (Male) |
| 20:25 | Create | Archer |
| 20:26 | Create | Archer |
| 20:32 | Build | House |
| 20:33 | Build | Palisade Wall |
| 20:45 | Research | Castle Age |
| 20:57 | Build | Palisade Wall |
| 21:00 | Build | Palisade Wall |
| 21:08 | Create | Archer |
| 21:08 | Create | Archer |
| 21:13 | Create | Villager (Male) |
| 21:16 | Research | Gold Mining |
| 21:27 | Build | House |
| 21:29 | Build | Palisade Wall |
| 21:33 | Create | Villager (Male) |
| 21:37 | Build | Palisade Gate |
| 21:40 | Create | Villager (Male) |
| 21:41 | Create | Archer |
| 21:42 | Create | Archer |
| 21:45 | Build | Farm |
| 21:46 | Build | Farm |
| 22:04 | Create | Archer |
| 22:23 | Create | Archer |
| 22:36 | Create | Villager (Male) |
Match timeline
| 5:47 | ImperialSheep · wall_segment Palisade Wall x1 |
| 5:49 | ImperialSheep · wall_segment Palisade Wall x1 |
| 6:10 | ImperialSheep · wall_segment Palisade Wall x1 |
| 6:11 | ImperialSheep · wall_segment Palisade Wall x1 |
| 6:13 | ImperialSheep · wall_segment Palisade Wall x1 |
| 7:04 | ImperialSheep · first_building Barracks |
| 7:37 | lanceritoestepario2012 · first_building Barracks |
| 7:53 | lanceritoestepario2012 · wall_segment Palisade Wall x4 |
| 8:04 | lanceritoestepario2012 · wall_segment Palisade Wall x3 |
| 8:06 | lanceritoestepario2012 · wall_segment Palisade Wall x3 |
| 9:11 | ImperialSheep · age_up feudal |
| 9:23 | lanceritoestepario2012 · age_up feudal |
| 10:07 | ImperialSheep · first_building Archery Range |
| 10:08 | lanceritoestepario2012 · wall_segment Palisade Wall x1 |
| 10:56 | ImperialSheep · wall_segment Palisade Wall x6 |
| 11:00 | lanceritoestepario2012 · first_building Archery Range |
| 11:17 | ImperialSheep · wall_segment Palisade Wall x8 |
| 11:25 | lanceritoestepario2012 · wall_segment Palisade Wall x1 |
| 11:26 | ImperialSheep · wall_segment Palisade Wall x12 |
| 11:26 | lanceritoestepario2012 · wall_segment Palisade Wall x1 |
| 11:28 | lanceritoestepario2012 · wall_segment Palisade Wall x1 |
| 11:29 | lanceritoestepario2012 · wall_segment Palisade Wall x1 |
| 11:32 | ImperialSheep · wall_segment Palisade Wall x6 |
| 11:44 | ImperialSheep · wall_segment Palisade Wall x2 |
| 12:07 | ImperialSheep · wall_segment Palisade Wall x11 |
| 13:07 | ImperialSheep · wall_segment Palisade Wall x1 |
| 13:50 | lanceritoestepario2012 · wall_segment Palisade Wall x1 |
| 16:23 | lanceritoestepario2012 · wall_segment Palisade Wall x1 |
| 16:32 | lanceritoestepario2012 · wall_segment Palisade Wall x1 |
| 18:09 | lanceritoestepario2012 · wall_segment Palisade Wall x3 |
| 20:26 | ImperialSheep · first_market_buy 100 food |
| 20:33 | lanceritoestepario2012 · wall_segment Palisade Wall x5 |
| 20:37 | lanceritoestepario2012 · first_market_buy 100 food |
| 20:57 | lanceritoestepario2012 · wall_segment Palisade Wall x1 |
| 21:00 | lanceritoestepario2012 · wall_segment Palisade Wall x11 |
| 21:29 | lanceritoestepario2012 · wall_segment Palisade Wall x6 |
| 21:36 | ImperialSheep · first_building Stable |
| 23:01 | ImperialSheep · wall_segment Palisade Wall x1 |
| 23:28 | ImperialSheep · age_up castle |
| 23:28 | lanceritoestepario2012 · age_up castle |
| 23:47 | lanceritoestepario2012 · first_building Siege Workshop |
| 27:16 | ImperialSheep · first_building Siege Workshop |
| 27:52 | lanceritoestepario2012 · first_market_sell 100 food |
| 28:48 | lanceritoestepario2012 · wall_segment Palisade Wall x1 |
| 32:45 | lanceritoestepario2012 · resign |
[ AI ANALYSIS · 1 CREDIT ]
What really happened in this match?
Wolo.gg analyzes every decision: build order, eco, micro, common mistakes by bracket. Personalized analysis on WhatsApp or Discord in 30 seconds.
Civ guide
Portuguese
Perfil
ImperialSheep